 Dungeon Crawl Stone Soup version 0.29.1-12-g30fa7ad0bf (webtiles) character file.

Game seed: 7748625456501777995

82 wormed the Ruffian (level 4, -1/40 HPs)
             Began as a Ghoul Monk on Dec 27, 2022.
             Slain by a gnoll
             ... wielding a +0 spear
              (6 damage)
             ... on level 2 of the Dungeon.
             The game lasted 00:02:56 (1580 turns).

wormed the Ruffian (Ghoul Monk)                     Turns: 1580, Time: 00:02:56

Health: -1/40      AC:  5    Str: 16    XL:     4   Next: 43%
Magic:  3/3        EV: 11    Int:  5    God:
Gold:   102        SH:  0    Dex: 11    Spells: 3/3 levels left

rFire   . . .      SeeInvis .     - Unarmed
rCold   + . .      Faith    .   (no shield)
rNeg    + + +      Spirit   .   c - +0 ring mail
rPois   ∞          Reflect  .   (no helmet)
rElec   .          Harm     .   (no cloak)
rCorr   .          Rampage  .   (no gloves)
Will    .....                   (no boots)
Stlth   +.........              (no amulet)
HPRegen 0.00/turn               (no ring)
MPRegen 0.08/turn               (no ring)

@: inhibited regen
A: claws 1, cold resistance 1, negative energy resistance 3, inhibited
regeneration, torment resistance 2, devour on kill
a: no special abilities


You were on level 2 of the Dungeon.
You visited 1 branch of the dungeon, and saw 2 of its levels.

You collected 102 gold pieces.

Inventory:

Armour
 a - a +0 robe
 c - a +0 ring mail (worn)
Jewellery
 f - an amulet of faith
Scrolls
 d - a scroll of vulnerability {unknown}
 i - a scroll of brand weapon {unknown}
Potions
 b - a potion of ambrosia
 e - 3 potions of might {unknown}
 g - a potion of curing {unknown}
 h - a potion of attraction {unknown}
 j - a potion of magic


   Skills:
 + Level 3.8 Fighting
 + Level 1.3 Armour
 - Level 3.0 Dodging
 + Level 2.9 Stealth
 * Level 4.2 Unarmed Combat


You had 3 spell levels left.
You didn't know any spells.
Your spell library contained the following spells:

 Spells                   Type           Power      Damage    Failure   Level
 Poisonous Vapours        Pois/Air       0%         N/A       83%         2
 Corpse Rot               Necr/Pois/Air  0%         N/A       100%        4


Dungeon Overview and Level Annotations

Branches:
Dungeon (2/15)

Altars:

Shops:
D:1 ?=?!


Innate Abilities, Weirdness & Mutations

You are immune to poison.
You have sharp fingernails.
Your flesh is cold resistant. (rC+)
You are immune to negative energy. (rN+++)
You do not regenerate when monsters are visible.
You are immune to unholy pain and torment.
You thrive by killing the living.


Message History

No target in view!
No target in view!
No target in view! 4 gnolls come into view.
Found a scroll labelled UWY YDINASCH.
The gnoll shouts! x3
You see here a rat corpse.
There are monsters nearby!
There is an open door here.
The gnoll misses you. The gnoll barely misses you.
You scratch the gnoll.
The gnoll is lightly wounded.
You scratch the gnoll.
The gnoll is moderately wounded.
The gnoll hits you with a +0 halberd.
You closely miss the gnoll.
The gnoll is moderately wounded.
The gnoll closely misses you.
You claw the gnoll!
You kill the gnoll!
You feel better.
You closely miss the gnoll. The gnoll hits you with a +0 flail.
The gnoll barely misses you.
You scratch the gnoll but do no damage. The gnoll hits you with a +0 flail.
The gnoll hits you from afar with a +0 spear.
You barely miss the gnoll. Your claw misses the gnoll.
The gnoll hits you with a +0 flail.
The gnoll hits you from afar with a +0 spear.
You barely miss the gnoll. The gnoll misses you.
The gnoll hits you from afar with a +0 spear!
* * * LOW HITPOINT WARNING * * *
You scratch the gnoll.
The gnoll is heavily wounded.
The gnoll hits you from afar with a +0 spear.
* * * LOW HITPOINT WARNING * * *
The gnoll closely misses you.
It was a potion of magic.
Magic courses through your body.
The gnoll hits you from afar with a +0 spear.
You die...

?........# #.##
.........# .#######.#.
.........# ...........
.gg......# # #####.....
.........####.#####.#.#.
.......g............#.#.
#g# ###.....###.#. #g#
#####..##.#. #@#
####.##.#. #.#
#.......#. #.#
#.#....... ####'####
#.#.##.### #.......#
##.#†##....
##.......###.....#..#.
#........##<.##..#..#.
#........##..#.#.#....
#........##..#)#......


You could see 3 gnolls.

Vanquished Creatures
  A gnoll (D:2)
  2 adders (D:2)
  5 bats
  6 endoplasms
  3 giant cockroaches
  2 goblins (D:1)
  5 hobgoblins
  8 jackals (D:1)
  2 kobolds (D:1)
  4 quokkas
  4 ball pythons
  A frilled lizard (D:1)
  4 rats
47 creatures vanquished.

Notes
Turn   | Place    | Note
-------+----------+-------------------------------------------
     0 | D:1      | wormed the Ghoul Monk began the quest for the Orb.
     0 | D:1      | Reached XP level 1. HP: 19/19 MP: 0/0
   124 | D:1      | Reached XP level 2. HP: 22/26 MP: 1/1
   259 | D:1      | Found a faded altar of an unknown god.
   402 | D:1      | Found Sobuem's Magic Scroll Emporium.
   405 | D:1      | Found Xubourch's Distillery.
   562 | D:1      | Reached XP level 3. HP: 31/31 MP: 2/2
   832 | D:1      | Found Beineqes's Jewellery Boutique.
   851 | D:1      | Found Punose's Magic Scroll Emporium.
   926 | D:2      | Reached skill level 1 in Armour
  1038 | D:2      | Reached skill level 4 in Unarmed Combat
  1343 | D:2      | Reached XP level 4. HP: 40/40 MP: 3/3
  1580 | D:2      | Slain by a gnoll

Illustrated notes

Levels and vault maps discovered:
D:1:      lemuel_arrival_hallway, layout_loops_cross,
          shapermc_ecumenical_altar_mp_vishouse, serial_shops,
          nicolae_shop_trees, shop, nicolae_shop_hallway_stairs, shop,
          chequers_serial_rivers_marsh
D:2:      layout_basic, minmay_pentomino_q2

Skill      XL: |  1  2  3 |
---------------+----------+-----
Armour         | 1 |  1.3
Dodging        | 3 |  3.0
Unarmed Combat | 4 |  4.2
Fighting       | |  3.8
Stealth        | |  2.9

Action                   |  1- 3 |  4- 6 || total
-------------------------+-------+-------++-------
Melee: Unarmed           |   127 |    27 ||   154
  Use: Potion            |       |     1 ||     1
 Stab: Sleeping          |     3 |     1 ||     4
Armor: Ring mail         |    29 |     3 ||    32
Dodge: Dodged            |    82 |    16 ||    98
